 Dungeon Crawl Stone Soup version 0.30-a0-967-g9b59a09336 (console) character file.

Game seed: 5251601087852792274

6733 Banquo the Martial Artist (level 11, -15/79 HPs)
             Began as a Djinni Monk on Mar 31, 2023.
             Was a Priest of Wu Jian.
             Killed by the raging water
             ... invoked by a water nymph
              (29 damage)
             ... on level 2 of the Lair of Beasts.
             The game lasted 00:48:47 (13435 turns).

Banquo the Martial Artist (Djinni Monk)            Turns: 13435, Time: 00:48:48

Health: -15/79     AC:  8    Str: 16    XL:     11   Next: 24%
Gold:   463        EV: 15    Int: 17    God:    Wu Jian [***...] SH:  0 Dex: 15

rFire   + + .      SeeInvis .      - Unarmed
rCold   x . .      Faith    .    (no shield)
rNeg    . . .      Spirit   .    d - +2 robe {Archmagi}
rPois   ∞          Reflect  .    h - +1 helmet
rElec   .          Rampage  .    e - +0 cloak
rCorr   .          Archmagi +    g - +0 pair of gloves
Will    +....                    (boots unavailable)
Stlth   ++                       (no amulet)
HPRegen 0.33/turn                W - ring of wizardry
MPRegen 0.00/turn                a - +6 ring of strength

@: flying
A: sickness immunity, fire resistance 2, cold vulnerability 1, float, innate
caster, HP casting, extra vitality 1
a: Renounce Religion, Wall Jump, Serpent's Lash


You were on level 2 of the Lair of Beasts.
You worshipped Wu Jian.
Wu Jian was most pleased with you.
You visited 3 branches of the dungeon, and saw 12 of its levels.

You collected 550 gold pieces.
You spent 87 gold pieces at shops.

Inventory:

Hand Weapons
 j - a +0 dagger of venom
 r - a +4 mace
 s - a +1 dagger of holy wrath
 u - a +0 whip of venom
 D - a +2 short sword of electrocution
 F - a +4 dagger of chaos
Missiles
 i - 2 boomerangs
 l - 21 poisoned darts (quivered)
 w - 4 curare-tipped darts
 B - 2 throwing nets
Armour
 d - a +2 robe of the Archmagi (worn)
 e - a +0 cloak (worn)
 g - a +0 pair of gloves (worn)
 h - a +1 helmet (worn)
Magical Staves
 z - a staff of fire
Jewellery
 a - a +6 ring of strength (right hand)
 S - a ring of see invisible
 W - a ring of wizardry (left hand)
Wands
 x - a wand of flame (24)
 E - a wand of roots (3)
Scrolls
 c - 4 scrolls of teleportation
 k - a scroll of fog
 m - 2 scrolls of magic mapping
 p - 5 scrolls of enchant weapon
 q - 2 scrolls of blinking
 C - 2 scrolls of identify
Potions
 b - 3 potions of ambrosia
 n - a potion of heal wounds
 o - 2 potions of brilliance
 v - 2 potions of might
 y - 6 potions of curing


   Skills:
 * Level 7.4 Fighting
 * Level 7.4 Dodging
 - Level 1.5 Stealth
 * Level 12.4 Unarmed Combat
 * Level 4.9 Spellcasting


You knew the following spells:

 Your Spells              Type           Power      Damage    Failure   Level
a - Cause Fear            Hex            15%        N/A       8%          4
d - Static Discharge      Conj/Air       62%        2-5/arc   1%          2
g - Summon Guardian Gole  Hex/Summ       31%        N/A       2%          3
m - Summon Small Mammal   Summ           100%       N/A       1%          1
A - Anguish               Hex/Necr       15%        N/A       8%          4
Your spell library was empty.

Dungeon Overview and Level Annotations

Branches:
Dungeon (9/15)             Temple (1/1) D:5            Lair (2/5) D:9
  Swamp: Lair:2-3    Shoals: Lair:2-3     Snake: Lair:2-3    Spider: Lair:2-3
    Orc: D:9-12

Altars:
Cheibriados
Dithmenos
Elyvilon
Fedhas
Gozag
Hepliaklqana
Nemelex Xobeh
Okawaru
Qazlal
Ru
Trog
Uskayaw
Wu Jian
Xom
Yredelemnul
Zin
The Shining One

Shops:
D:3 *   D:6 [   D:7 *   D:8 *   D:9 (

Annotations:
D:3 Rock Vault, Rock Store
D:5 1 runed translucent door, max's ghost, novice MiBe
D:7 2 transporters, Grim's ghost, novice DECj


Innate Abilities, Weirdness & Mutations

You are immune to sickness and miasma.
You are immune to poison.
Your flesh is very heat resistant. (rF++)
You are vulnerable to cold. (rC-)
You float through the air rather than walking.
You learn spells naturally, not from books.
Your magical power is your life essence.
You have superior vitality. (+4 MHP)


Message History

The water nymph attacks as you move away!
The water nymph barely misses you.
You see here a basilisk corpse.
Aiming: Wall Jump
Press: ? - help, Dir - move target You repeatedly attack the water nymph from above.
You hit the water nymph.
The water nymph is moderately wounded.
You closely miss the water nymph.
The water nymph is moderately wounded.
You barely miss the water nymph.
The water nymph is moderately wounded.
The water nymph touches you. The water nymph closely misses you.
The water nymph attacks as you move away!
The water nymph barely misses you.
Aiming: Wall Jump
Press: ? - help, Dir - move target You repeatedly attack the water nymph from above.
You closely miss the water nymph.
The water nymph is moderately wounded.
You hit the water nymph but do no damage.
The water nymph is moderately wounded.
The water nymph misses you.
The water nymph gestures at you while chanting.
The water rises up and strikes you!
Aiming: Wall Jump
Press: ? - help, Dir - move target You repeatedly attack the water nymph from above.
You closely miss the water nymph.
The water nymph is moderately wounded.
You miss the water nymph.
The water nymph is moderately wounded.
You pummel the water nymph!!
The water nymph is almost dead.
The water nymph gestures at you while chanting.
The water rises up and strikes you!
* * * LOW HITPOINT WARNING * * *
The water nymph casts a spell at you. The water rises up and strikes you!!
You die...

..... ....# ...# ~ ...#
.##~ ##..# ~.~~###...##
~~..~.#○°#.# # .
#~...#@m~## .. ~~
##...°○○~†## ..[
#..##..##....~.# ##.
.~~............#. # #
................## ### #
.................########.#
##.#.............#P#.##...
####...................
##.............<.....


You could see a water nymph.

Vanquished Creatures
  A black mamba (Lair:1)
  4 cane toads
  Psyche (D:9)
  A polar bear (Lair:2)
  4 yaks
  Grum (D:7)
  2 basilisks (Lair:2)
  4 water moccasins
  An orc warrior (D:7)
  A sky beast (D:7)
  An ice beast (D:8)
  3 wolves (D:8)
  A centaur (D:9)
  3 phantoms
  6 bullfrogs
  2 kobold brigands
  2 gnoll sergeants
  5 scorpions
  3 wights
  3 killer bees (D:9)
  A jelly (D:7)
  A howler monkey (D:9)
  A hound (D:4)
  4 orc priests (D:7)
  3 iguanas (Lair:2)
  A sleepcap (D:5)
  3 orc wizards
  6 gnolls
  7 adders
  2 shadow imps
  6 white imps
  3 ufetubi
  3 dart slugs
  16 orcs
  8 ball pythons
  6 endoplasms
  4 giant cockroaches
  4 goblins
  8 hobgoblins
  3 jackals (D:4)
  4 quokkas
  8 frilled lizards
  11 kobolds
  10 rats
  A butterfly (D:4)
173 creatures vanquished.

Vanquished Creatures (collateral kills)
  An ice beast (D:5)
  An ogre (D:6)
  A sleepcap (D:6)
  2 iguanas (D:4)
  A butterfly (D:4)
6 creatures vanquished.

Vanquished Creatures (others)
  Maggie (D:8)
  A centaur (D:8)
  3 fungi (Lair:2)
  15 plants
20 creatures vanquished.

Grand Total: 199 creatures vanquished

Notes
Turn   | Place    | Note
-------+----------+-------------------------------------------
     0 | D:1      | Banquo the Djinni Monk began the quest for the Orb.
     0 | D:1      | Reached XP level 1. HP: 20/20 MP: 0/0
   104 | D:1      | Reached XP level 2. HP: 18/25 MP: 0/0
   538 | D:1      | Reached XP level 3. HP: 31/31 MP: 0/0
   538 | D:1      | Learned a level 1 spell: Summon Small Mammal
  1677 | D:2      | Reached skill level 1 in Spellcasting
  1677 | D:2      | Reached XP level 4. HP: 28/37 MP: 0/0
  1914 | D:3      | You are sucked into a shaft and drop 1 floor!
  2149 | D:3      | Noticed a phantom
  2188 | D:3      | Killed a phantom
  2189 | D:3      | Reached XP level 5. HP: 7/42 MP: 0/0
  2189 | D:3      | Learned a level 2 spell: Static Discharge
  2572 | D:3      | Found Arruisedd's Assorted Antiques.
  2800 | D:4      | Reached skill level 5 in Fighting
  2800 | D:4      | Reached skill level 4 in Unarmed Combat
  2800 | D:4      | Reached XP level 6. HP: 21/49 MP: 0/0
  3372 | D:4      | Found a shimmering altar of Xom.
  3841 | D:4      | Reached skill level 5 in Unarmed Combat
  3841 | D:4      | Reached XP level 7. HP: 24/54 MP: 0/0
  3841 | D:4      | Learned a level 3 spell: Summon Guardian Golem
  4245 | D:5      | Entered Level 5 of the Dungeon
  4577 | D:5      | Found a staircase to the Ecumenical Temple.
  4586 | Temple   | Entered the Ecumenical Temple
  4865 | Temple   | Became a worshipper of the Wu Jian Council
  4865 | Temple   | Reached * piety under Wu Jian
  4865 | Temple   | Reached ** piety under Wu Jian
  4949 | D:5      | Found a runed translucent door.
  4955 | D:5      | Noticed max's ghost (novice MiBe)
  5129 | D:5      | Reached skill level 6 in Unarmed Combat
  5374 | D:5      | Reached XP level 8. HP: 41/60 MP: 0/0
  5951 | D:6      | Found Denuts's Armour Boutique.
  6446 | D:6      | Reached skill level 7 in Unarmed Combat
  7263 | D:7      | Reached skill level 8 in Unarmed Combat
  7263 | D:7      | Reached XP level 9. HP: 49/66 MP: 0/0
  7263 | D:7      | Learned a level 4 spell: Cause Fear
  7377 | D:7      | Found Esag's Assorted Antiques.
  7385 | D:7      | Bought a scroll labelled SAPLUSTR KUTH for 24 gold pieces
  7385 | D:7      | Bought 2 scrolls labelled KUEDWO OMAU for 48 gold pieces
  7597 | D:7      | Found a transporter.
  7643 | D:7      | Noticed Grim's ghost (novice DECj)
  7648 | D:7      | Found a transporter.
  7648 | D:7      | Identified the +3 giant club of Wyrd {speed, rElec Will++
                  | rCorr Stlth-}
  7648 | D:7      | Noticed a two-headed ogre
  7747 | D:8      | Noticed Grum
  7965 | D:7      | Killed Grum
  8622 | D:8      | Reached skill level 9 in Unarmed Combat
  8644 | D:8      | Reached skill level 5 in Dodging
  8871 | D:8      | Found Etores's General Store.
  9035 | D:8      | Noticed Maggie
  9600 | D:8      | Killed Maggie
  9601 | D:8      | Reached XP level 10. HP: 71/73 MP: 0/0
  9855 | D:8      | Bought a potion of degeneration for 15 gold pieces
  9944 | D:9      | Reached skill level 10 in Unarmed Combat
 10247 | D:9      | Found a staircase to the Lair.
 10269 | D:9      | Reached *** piety under Wu Jian
 10681 | D:9      | Found Yxkeproe's Antique Weapon Emporium.
 10934 | D:9      | Noticed Psyche
 11025 | D:9      | Killed Psyche
 11026 | D:9      | Reached skill level 11 in Unarmed Combat
 11431 | Lair:1   | Entered Level 1 of the Lair of Beasts
 11653 | Lair:1   | Noticed a black mamba
 11673 | Lair:1   | Killed a black mamba
 12063 | Lair:1   | Noticed a cane toad
 12069 | Lair:1   | Noticed a cane toad
 12174 | Lair:1   | Killed a cane toad
 12499 | Lair:1   | Killed a cane toad
 12500 | Lair:1   | Reached XP level 11. HP: 22/79 MP: 0/0
 12500 | Lair:1   | Learned a level 4 spell: Anguish
 12979 | Lair:1   | Reached skill level 12 in Unarmed Combat
 13435 | Lair:2   | Killed from afar by a water nymph

Illustrated notes

Levels and vault maps discovered:
D:1:      dpeg_arrival_tiny_f, layout_loops_ring, minmay_tromino_v4_b
D:2:      layout_basic, kennysheep_generic_room_10
D:3:      layout_basic, serial_shops, nicolae_shop_statue_plus,
          nrook_mini_vaults, due_unseen_surprise
D:4:      kennysheep_spiral_hall, layout_loops_ring, xom_butterflies
D:5:      layout_rooms, minmay_temple_entry_water_ring, ebering_ghost_sewer_d,
          serial_bayou, serial_bayou_pond_b, serial_bayou_shore_b,
          serial_bayou_shore_a, serial_bayou_ford_a
D:6:      layout_gridville, grunt_decor_one_mirror,
          chequers_serial_rivers_room_a, nicolae_take_the_stairs
D:7:      layout_gridville, serial_shops, nicolae_shop_overgrown_old_shop,
          gammafunk_ghost_smash
D:8:      layout_loops_ring, serial_shops, nicolae_inconvenience_store,
          uniq_maggie, uniq_grum
D:9:      layout_gridville, lair_entry_dummy, serial_shops, shop,
          ebering_dispersal_statue_hall, uniq_psyche
Temple:   compressed_dpeg_triangle_lava_temple
Lair:1:   layout_chaotic_city, infiniplex_staircase_pool, grunt_megastairs_2
Lair:2:   lemuel_reptile_caves, layout_cave_pods, nicolae_shoals_entry_flooding,
          disabler_island

Skill      XL: |  1  2  3  4  5  6  7  8  9 10 11 |
---------------+----------------------------------+-----
Fighting       | 4 5 6 7 |  7.4
Spellcasting   | 1 2 3 4 |  4.9
Unarmed Combat | 4 5 6 8 9 11 12 | 12.4
Dodging        | 4 5 7 |  7.4
Stealth        | |  1.5

Action                     |  1- 3 |  4- 6 |  7- 9 | 10-12 || total
---------------------------+-------+-------+-------+-------++-------
  Melee: Unarmed           |   137 |   199 |   439 |   238 ||  1013
         Punch             |     3 |     8 |    29 |    10 ||    50
   Cast: Summon Small Mamm |       |    17 |    32 |     2 ||    51
         Summon Guardian G |       |       |     6 |     2 ||     8
 Invoke: Serpent's Lash    |       |       |       |     1 ||     1
Ability: Whirlwind         |       |       |    28 |    30 ||    58
         Lunge             |       |       |    30 |    13 ||    43
         Wall Jump         |       |       |    10 |     7 ||    17
    Use: Scroll            |       |       |    13 |     7 ||    20
         Potion            |       |       |     1 |     1 ||     2
   Stab: Sleeping          |     3 |     4 |     3 |     1 ||    11
         Distracted        |     1 |     1 |     7 |     1 ||    10
 Armour: Robe              |    25 |    36 |    69 |    51 ||   181
  Dodge: Dodged            |    69 |    90 |   240 |   123 ||   522

Table legend: (Time is in decaauts)
 A = Elapsed time spent in this place.
 B = Non-inter-level travel time spent in this place.
 C = Inter-level travel time spent in this place.
 D = Time resting spent in this place.
 E = Time spent auto-exploring this place.
 F = Levels seen in this place.
 G = Mean time per level.
                   A        B        C        D        E       F      G
               +--------+--------+--------+--------+--------+-----+--------+
         Total |  13360 |  12264 |   1096 |   2417 |   6929 |  12 | 1113.3 |
       Dungeon |  11192 |  10190 |   1002 |   1654 |   5989 |   9 | 1243.6 |
        Temple |    284 |    255 |     29 |      0 |    238 |   1 |  284.0 |
          Lair |   1883 |   1818 |     65 |    763 |    702 |   2 |  941.5 |
               +--------+--------+--------+--------+--------+-----+--------+

Top non-repeatable levels by time:
     D:8: 1852 daAuts
     D:4: 1565 daAuts
  Lair:1: 1496 daAuts
     D:7: 1465 daAuts
     D:9: 1268 daAuts
     D:6: 1248 daAuts
     D:2: 1148 daAuts
     D:5: 1073 daAuts
     D:1: 852 daAuts
     D:3: 719 daAuts
  Lair:2: 386 daAuts
  Temple: 284 daAuts
